Map: Dusk Towers

Players

LilDicky

  • Race: Terran Terran
  • League: Diamond

Jobione - Winner!

  • Race: Zerg Zerg
  • League: Diamond

VOD

http://www.twitch.tv/tumescentpie

Description

Time

  • Played on: Jan. 1, 2016, 4:31 p.m.
  • Length: 12:18
Show
View Real Time Build Order
Export as new Build Order

LilDicky Terran 

Build Orders: Command Center First (CC), MMM Bio 

Get SALT Encoding   

  12  0:01  SCV  
  13  0:13  SCV  
  14  0:17  Supply Depot  
  14  0:25  SCV  
  15  0:39  SCV  
  16  0:51  SCV  
  17  1:02  Command Center  
  17  1:05  SCV  
  18  1:18  SCV  
  18  1:19  Barracks  
  19  1:29  Refinery  
  19  1:32  SCV  
  20  1:44  SCV  
  21  1:56  SCV  
  22  2:05  Barracks x2  
  22  2:06  Barracks Tech Lab  
  22  2:08  Supply Depot  
  22  2:18  Orbital Command  
  22  2:24  Marine  
  23  2:31  Orbital Command  
  23  2:42  Marine  
  24  2:53  Refinery  
  24  2:54  Barracks Reactor  
  24  3:01  Stimpack  
  25  3:06  Marine  
  25  3:07  Barracks Tech Lab  
  25  3:12  SCV  
  26  3:14  SCV  
  27  3:23  Marine  
  27  3:24  SCV  
  29  3:28  Marine  
  29  3:31  Combat Shields  
  29  3:34  SCV  
  31  3:35  Marine  
  31  3:36  Barracks x2  
  31  3:39  SCV  
  31  3:41  Marine  
  33  3:43  Marine  
  33  3:46  Marine  
  36  3:53  Marine  
  37  3:58  SCV  
  37  3:59  Factory  
  37  4:01  Marine  
  40  4:05  Marine  
  41  4:10  SCV  
  41  4:13  Supply Depot  
  41  4:16  SCV  
  42  4:17  Marine  
  42  4:18  Marine  
  42  4:22  SCV, Marine  
  46  4:25  Barracks Reactor x2  
  46  4:30  Supply Depot  
  46  4:34  SCV, Marine  
  46  4:35  Marine  
  46  4:36  Marine  
  46  4:37  Supply Depot  
  50  4:39  Marine  
  50  4:44  Factory Reactor, Starport  
  51  4:48  SCV  
  51  4:50  SCV  
  53  5:00  SCV, Marine x2  
  53  5:01  Marine x3  
  53  5:03  Marine  
  53  5:04  Supply Depot, Marine  
  61  5:10  Marine  
  62  5:18  Marine x2  
  62  5:19  Marine x3  
  67  5:28  Medivac x2  
  69  5:29  Marine x3  
  74  5:37  Supply Depot  
  74  5:38  SCV  
  74  5:39  SCV  
  74  5:41  Marine  
  77  5:43  Engineering Bay  
  77  5:45  Marine  
  77  5:47  Supply Depot  
  78  5:58  SCV x2, Marine x2  
  82  6:11  Medivac x2  
  86  6:26  Terran Infantry Weapons Level 1, Supply Depot  
  86  6:30  Supply Depot, Marine x3  
  86  6:31  Marauder x2  
  93  6:37  Widow Mine  
  93  6:38  Refinery  
  93  6:39  Supply Depot  
  94  6:42  Supply Depot  
  78  6:55  Marine x8  
  86  7:05  Missile Turret  
  86  7:09  Command Center  
  86  7:12  Marine  
  74  7:30  Marine x2  
  73  7:39  Marine x3  
  73  7:40  Marine  
  75  7:50  Marine x3  
  76  7:57  Marine x4  
  76  7:58  Marine  
  70  8:13  Marine x3  
  70  8:15  Marine x5  
  70  8:16  Missile Turret  
  70  8:19  SCV x2  
  80  8:25  Missile Turret  
  80  8:26  Orbital Command  
  80  8:31  SCV x2, Marine x2  
  76  8:46  Marine x3  
  76  8:47  Medivac, Marine  
  76  8:48  Widow Mine, Medivac  
  77  8:50  SCV x2  
  77  8:54  Missile Turret, Marine x3  
  77  8:55  SCV, Marauder  
  80  9:01  Missile Turret  
  81  9:03  Missile Turret  
  81  9:04  Marine  
  81  9:06  Marine  
  81  9:07  Marine  
  81  9:08  SCV  
  85  9:10  SCV  
  85  9:15  Marine x4  
  85  9:16  Marine  
  91  9:17  Medivac  
  91  9:18  Medivac  
  95  9:35  Missile Turret  
  95  9:36  Missile Turret, Marine x6  
  101  9:41  Widow Mine  
  101  9:42  Marine  
  101  9:43  Marine  
  105  9:47  Medivac  
  107  9:53  Marine  
  107  9:57  Marine  
  107  9:58  Marine x2  
  107  9:59  Marine x2  
  101  10:19  Marine x3  
  101  10:20  Marine  
  87  10:24  Marine x4  
  78  10:35  Barracks  
  78  10:36  Barracks x3  
  78  10:37  Barracks, Marine x4  
  78  10:41  Marine  
  78  10:42  Marine x3  
  80  10:54  Marine  
  80  10:55  Marine x3  
  80  10:56  Armory  
  84  10:59  Marine  
  84  11:00  Engineering Bay, Missile Turret, Marine  
  86  11:04  Marine x2  
  88  11:12  Marine  
  88  11:14  Missile Turret  
  88  11:15  Command Center, Marine x3  
  92  11:23  Marauder  
  94  11:31  Marine x6  
  94  11:32  Marine x2  
  100  11:33  Marine x3  
  100  11:34  Widow Mine  
  100  11:35  Medivac x2  
  109  11:43  Marine  
  109  11:46  Missile Turret  
  110  11:49  Marine x4  
Show
View Real Time Build Order
Export as new Build Order

Jobione Zerg - Winner!

Build Orders: Pool First, Muta Ling Bane 

Get SALT Encoding   

  12  0:01  Drone  
  13  0:12  Overlord  
  13  0:17  Drone  
  14  0:31  Drone x2  
  14  0:35  Drone  
  17  0:37  Extractor  
  16  0:45  Drone  
  17  0:56  Drone  
  18  0:58  Spawning Pool  
  17  1:07  Drone  
  18  1:18  Drone  
  19  1:28  Hatchery  
  18  1:44  Metabolic Boost  
  18  1:45  Queen  
  20  1:51  Overlord  
  20  1:55  Zergling x2  
  20  1:59  Drone  
  22  2:11  Zergling x2  
  23  2:17  Zergling x2  
  23  2:21  Queen  
  26  2:29  Drone  
  27  2:38  Drone  
  29  2:44  Drone, Baneling Nest  
  29  2:49  Drone  
  29  2:53  Overlord  
  29  2:55  Overlord  
  29  2:56  Drone x2  
  31  3:03  Drone  
  31  3:04  Drone  
  33  3:11  Drone  
  34  3:16  Drone, Extractor  
  34  3:28  Drone  
  34  3:30  Lair  
  34  3:32  Drone x3  
  38  3:39  Spore Crawler  
  38  3:41  Spore Crawler, Drone x2  
  37  3:43  Drone  
  37  3:45  Drone  
  40  3:54  Overlord  
  40  3:56  Drone x2  
  40  3:58  Drone  
  40  4:01  Drone  
  44  4:10  Drone  
  44  4:11  Drone  
  44  4:13  Zergling x6  
  44  4:16  Drone, Extractor  
  49  4:17  Drone  
  49  4:18  Extractor  
  49  4:20  Drone  
  50  4:25  Drone x2  
  50  4:30  Centrifical Hooks  
  52  4:35  Evolution Chamber  
  51  4:40  Evolution Chamber  
  50  4:49  Drone  
  50  4:50  Drone x2  
  50  4:51  Spire  
  50  4:52  Drone x2  
  54  4:53  Zergling x2  
  54  4:55  Zergling x2  
  56  5:04  Zerg Melee Weapons Level 1  
  56  5:06  Zerg Ground Armor Level 1  
  56  5:15  Drone  
  57  5:24  Drone  
  58  5:34  Overlord x2  
  58  5:37  Hatchery  
  57  5:57  Queen x2  
  57  6:02  Overlord  
  57  6:03  Mutalisk  
  57  6:04  Mutalisk x6  
  61  6:08  Overlord  
  61  6:09  Overlord  
  75  6:19  Overlord x3  
  75  6:23  Baneling x4  
  75  6:24  Baneling x2  
  75  6:33  Pneumatized Carapace  
  75  6:41  Drone x3  
  78  6:53  Zergling x4  
  66  6:54  Zergling x2  
  66  6:55  Zergling x16  
  75  7:08  Mutalisk x2  
  78  7:19  Zergling x4  
  68  7:30  Zergling x4  
  68  7:33  Zergling x2  
  68  7:34  Zergling x4  
  66  7:44  Zergling x4  
  64  7:54  Mutalisk  
  64  7:55  Mutalisk  
  65  8:05  Zerg Ground Armor Level 2, Zerg Melee Weapons Level 2  
  65  8:06  Zerg Flyer Weapons Level 1  
  65  8:11  Hatchery  
  65  8:12  Zergling x8  
  66  8:15  Baneling x2  
  66  8:19  Queen  
  68  8:23  Mutalisk x2, Baneling  
  72  8:32  Mutalisk  
  72  8:33  Mutalisk  
  73  8:52  Mutalisk x2  
  75  8:57  Hatchery  
  74  9:03  Drone  
  74  9:04  Drone x6  
  74  9:08  Mutalisk  
  83  9:10  Hatchery  
  82  9:20  Infestation Pit  
  82  9:21  Overlord x3  
  81  9:34  Zergling x4  
  81  9:38  Baneling x3  
  83  9:47  Zergling x4  
  83  9:50  Zergling x2  
  86  9:55  Zergling x4  
  86  9:56  Zergling x6  
  86  9:58  Baneling x4  
  89  10:00  Overseer x2  
  89  10:02  Zergling x4  
  91  10:09  Zergling x4  
  80  10:24  Drone  
  80  10:26  Drone x2  
  83  10:32  Mutalisk  
  83  10:35  Hive  
  80  10:48  Extractor  
  79  10:51  Mutalisk x2, Extractor  
  79  10:52  Queen  
  79  10:53  Overlord x2  
  79  10:54  Overlord x3  
  84  10:59  Hatchery, Zergling x2  
  84  11:05  Queen  
  84  11:06  Zergling x6  
  84  11:07  Zergling x6  
  90  11:12  Baneling x4  
  90  11:13  Baneling x2  
  90  11:16  Zergling x10  
  95  11:29  Zergling x2  
  95  11:30  Zergling x8  
  98  11:40  Zergling x6  
  98  11:41  Zergling x4  
  103  11:52  Zergling x6  
  106  11:59  Zergling x12  
  106  12:00  Zergling x4  
Tags
 
Add a new tag
Caveats
  • Supply blocks, unpowered buildings, or Contaminate may cause inaccurate times.
  • Supply counts are checked every 10 seconds.